Map: Orbital Shipyard

Players

State - Winner!

  • Race: Protoss Protoss
  • League: Master

Epic

  • Race: Terran Terran
  • League: Master

VOD

Have the link to the VOD?

Description

Time

  • Played on: Feb. 1, 2016, 6:03 p.m.
  • Length: 14:48
Show
View Real Time Build Order
Export as new Build Order

State Protoss - Winner!

Build Orders: 1 Gate Expand, Oracle Opening 

Get SALT Encoding   

  12  0:01  Probe (Chrono Boost)  
  13  0:11  Probe (Chrono Boost)  
  14  0:17  Pylon  
  14  0:22  Probe (Chrono Boost)  
  16  0:35  Probe (Chrono Boost)  
  16  0:37  Gateway  
  16  0:43  Assimilator  
  16  0:48  Probe (Chrono Boost)  
  17  0:59  Probe (Chrono Boost)  
  18  1:10  Probe (Chrono Boost)  
  19  1:21  Nexus  
  19  1:27  Probe (Chrono Boost)  
  20  1:37  Probe (Chrono Boost)  
  21  1:40  Cybernetics Core  
  21  1:48  Assimilator, Probe (Chrono Boost)  
  21  1:54  Pylon  
  22  1:59  Probe (Chrono Boost)  
  23  2:09  Pylon  
  23  2:17  Mothership Core (Chrono Boost)  
  23  2:18  Adept (Chrono Boost)  
  23  2:19  Warp Gate  
  27  2:32  Probe (Chrono Boost)  
  27  2:35  Probe (Chrono Boost)  
  29  2:42  Probe  
  31  2:44  Adept (Chrono Boost)  
  31  2:47  Probe  
  33  2:52  Stargate  
  33  2:53  Probe  
  34  2:59  Probe (Chrono Boost)  
  34  3:04  Probe (Chrono Boost)  
  36  3:11  Probe (Chrono Boost)  
  37  3:16  Probe (Chrono Boost)  
  38  3:21  Probe (Chrono Boost)  
  38  3:22  Pylon  
  38  3:23  Pylon  
  38  3:25  Pylon  
  38  3:26  Probe (Chrono Boost)  
  40  3:32  Probe (Chrono Boost)  
  41  3:35  Oracle (Chrono Boost), Probe (Chrono Boost)  
  43  3:43  Probe  
  44  3:48  Probe  
  44  3:55  Probe  
  44  3:59  Probe  
  44  4:03  Assimilator  
  44  4:07  Oracle (Chrono Boost), Gateway x2  
  44  4:08  Assimilator  
  47  4:11  Probe  
  47  4:13  Pylon  
  47  4:15  Mothership Core  
  50  4:18  Pylon  
  50  4:22  Probe  
  51  4:27  Pylon  
  51  4:32  Robotics Facility  
  51  4:36  Probe  
  51  4:37  Probe  
  53  4:46  Oracle (Chrono Boost)  
  53  4:48  Probe x2  
  58  4:57  Pylon  
  58  4:58  Probe  
  58  4:59  Pylon  
  58  5:01  Probe  
  60  5:07  Nexus  
  60  5:17  Void Ray (Chrono Boost), Probe  
  60  5:18  Probe  
  66  5:26  Immortal  
  66  5:27  Probe  
  70  5:30  Probe  
  72  5:40  Probe  
  67  5:49  Probe  
  68  5:51  Probe  
  68  5:53  Gateway  
  68  5:54  Oracle (Chrono Boost), Gateway  
  68  5:56  Twilight Council  
  72  6:01  Probe  
  72  6:02  Probe  
  74  6:07  Pylon  
  74  6:12  Probe  
  74  6:14  Probe  
  76  6:19  Probe  
  76  6:22  Probe  
  78  6:26  Probe  
  78  6:28  Warp Prism  
  78  6:30  Probe  
  81  6:33  Probe  
  81  6:34  Stalker x3  
  81  6:38  Probe  
  82  6:41  Probe  
  82  6:43  Probe  
  82  6:50  Probe  
  82  6:51  Probe  
  82  6:53  Stalker x2  
  82  6:54  Probe  
  88  6:56  Phoenix (Chrono Boost)  
  91  7:02  Probe x2  
  91  7:07  Probe  
  89  7:14  Immortal  
  94  7:18  Blink  
  94  7:19  Forge  
  94  7:20  Forge  
  94  7:23  Pylon, Sentry x3  
  94  7:29  Assimilator, Probe  
  100  7:30  Assimilator, Probe  
  102  7:53  Stalker x3  
  102  7:54  Stalker x2, Immortal  
  113  8:02  Protoss Ground Armor Level 1 (Chrono Boost), Protoss Ground Weapons Level 1 (Chrono Boost)  
  113  8:06  Pylon  
  113  8:10  Pylon  
  113  8:15  Gateway  
  113  8:17  Gateway  
  113  8:18  Gateway  
  113  8:20  Gateway  
  113  8:25  Gateway  
  113  8:26  Sentry x3  
  119  8:32  Stalker x2, Nexus  
  119  8:34  Pylon, Immortal  
  123  8:37  Dark Shrine  
  127  8:44  Pylon  
  127  8:47  Pylon  
  127  8:58  Stalker x2  
  127  8:59  Stalker x3  
  137  9:09  Probe  
  138  9:19  Charge (Chrono Boost)  
  138  9:30  Probe  
  136  9:32  Stalker x9  
  136  9:35  Probe x2  
  156  9:43  Protoss Ground Weapons Level 2 (Chrono Boost), Protoss Ground Armor Level 2 (Chrono Boost)  
  156  9:49  Immortal  
  160  9:59  Zealot x3  
  164  10:00  Zealot x4  
  170  10:27  Zealot x3  
  170  10:28  Zealot  
  178  10:30  Dark Templar x2, Immortal  
  178  10:31  Dark Templar  
  178  10:33  Pylon  
  178  10:34  Pylon  
  180  10:35  Pylon  
  180  10:36  Photon Cannon  
  180  10:37  Photon Cannon  
  180  10:38  Pylon  
  180  10:39  Photon Cannon  
  180  10:40  Assimilator, Photon Cannon  
  180  10:43  Pylon  
  180  10:44  Assimilator  
  180  10:47  Templar Archives  
  180  10:50  Gateway  
  174  10:59  Zealot x7  
  186  11:08  Zealot x3  
  182  11:12  Archon x2  
  182  11:13  Archon x2  
  158  11:36  Protoss Ground Armor Level 3, Protoss Ground Weapons Level 3  
  132  11:44  Immortal (Chrono Boost)  
  132  11:45  Psionic Storm  
  132  11:52  Zealot x6  
  132  11:53  Zealot x4  
  152  11:58  Resonating Glaives (Chrono Boost)  
  150  12:02  Gateway  
  150  12:03  Gateway x2  
  150  12:04  Gateway  
  150  12:12  High Templar x2  
  150  12:13  High Templar x2  
  158  12:22  Nexus  
  158  12:23  Zealot x7  
  158  12:24  Pylon x2  
  158  12:26  Pylon  
  172  12:34  Pylon  
  171  12:44  Zealot x2  
  171  12:45  Zealot x7  
  177  13:03  Archon  
  135  13:08  Zealot x3  
  135  13:09  Zealot x7  
  135  13:10  Zealot  
  137  13:17  Immortal (Chrono Boost)  
  141  13:21  Probe  
  142  13:31  High Templar  
  142  13:32  High Templar x5  
  142  13:33  High Templar x4  
  162  13:35  Archon  
  162  13:36  Archon x2  
  162  13:37  Archon x2  
  162  13:39  Zealot x3  
  162  13:40  Zealot  
  170  13:54  Zealot  
  152  14:00  Stalker x4  
  154  14:04  High Templar x2  
  154  14:05  High Templar x2  
  162  14:16  Archon  
  152  14:17  Archon, High Templar x2  
  152  14:18  Zealot x5  
  152  14:22  Assimilator  
  166  14:25  Assimilator  
  160  14:45  Archon  
  160  14:46  High Templar x2  
Show
View Real Time Build Order
Export as new Build Order

Epic Terran 

Build Orders: Cyclone Opening, Reaper Expand, MMM Bio 

Get SALT Encoding   

  12  0:00  SCV  
  13  0:13  SCV  
  14  0:17  Supply Depot  
  14  0:25  SCV  
  15  0:39  SCV  
  15  0:41  Barracks  
  16  0:43  Refinery  
  16  0:51  SCV  
  17  1:03  SCV  
  18  1:15  SCV  
  19  1:29  Orbital Command, Reaper  
  20  1:42  Command Center  
  20  1:55  Supply Depot, SCV  
  21  2:03  Marine  
  21  2:07  Factory  
  22  2:11  Refinery  
  23  2:15  SCV  
  23  2:23  Barracks Tech Lab  
  23  2:27  SCV  
  24  2:39  SCV  
  25  2:52  SCV  
  25  2:55  Orbital Command  
  25  2:56  Marine  
  25  2:57  Cyclone  
  30  3:04  SCV  
  31  3:10  Bunker  
  31  3:13  Mag-Field Accelerator  
  31  3:14  Marine  
  31  3:16  SCV  
  32  3:31  SCV x2  
  32  3:32  Marine  
  34  3:43  SCV x2  
  34  3:45  Supply Depot  
  34  3:46  Cyclone  
  37  3:56  Marine  
  37  3:58  SCV x2  
  38  4:04  Starport  
  38  4:10  SCV x2  
  38  4:15  Barracks Reactor  
  40  4:23  SCV x2  
  42  4:24  Liberator  
  42  4:30  Command Center  
  42  4:37  SCV x2  
  47  4:50  Barracks  
  47  4:51  Barracks  
  47  4:55  SCV x2  
  47  4:58  Marine x2  
  51  5:05  Supply Depot  
  51  5:07  SCV x2  
  51  5:13  Factory Tech Lab  
  53  5:17  Marine  
  53  5:19  Supply Depot  
  54  5:25  Starport Reactor  
  54  5:27  Marine, SCV x2  
  57  5:30  Engineering Bay  
  51  5:42  SCV x2  
  50  5:43  Orbital Command  
  50  5:48  Stimpack  
  50  6:01  SCV  
  50  6:02  SCV  
  50  6:03  Missile Turret  
  52  6:04  Terran Infantry Weapons Level 1  
  52  6:05  Combat Shields  
  52  6:14  Marine x3, SCV  
  52  6:16  SCV x2  
  52  6:27  Medivac x2  
  52  6:28  Marine  
  52  6:30  SCV  
  52  6:31  SCV  
  52  6:32  Marine  
  60  6:42  SCV  
  60  6:43  SCV  
  60  6:44  Refinery, Marine x2  
  60  6:45  Supply Depot, Refinery, Factory Tech Lab  
  60  6:46  Marine  
  65  6:47  Barracks  
  65  6:48  SCV  
  65  6:50  Marine  
  65  6:52  Barracks  
  67  6:58  SCV  
  67  6:59  Medivac  
  67  7:00  SCV  
  71  7:08  Orbital Command  
  73  7:10  Medivac, Marine x4  
  73  7:14  SCV x2  
  76  7:17  Supply Depot  
  76  7:31  SCV x2  
  74  7:43  SCV  
  71  7:47  SCV x2  
  71  7:56  SCV  
  72  7:59  Terran Infantry Armor Level 1, SCV x2  
  72  8:02  Medivac x2, Missile Turret  
  72  8:03  Marine x4  
  82  8:10  Missile Turret  
  82  8:12  SCV x3  
  85  8:17  Siege Tank  
  89  8:24  SCV x3, Barracks Reactor x2  
  91  8:33  Supply Depot, Marine x4  
  91  8:34  Medivac  
  97  8:35  Medivac, Supply Depot  
  97  8:38  SCV x2  
  101  8:42  Refinery  
  101  8:48  Supply Depot  
  101  8:49  Armory  
  101  8:50  Engineering Bay  
  101  8:55  Marine, SCV  
  103  8:57  Supply Depot, Marine x3  
  103  8:58  Siege Tank  
  103  8:59  Supply Depot, SCV x2  
  111  9:04  Marine x3  
  111  9:05  Marine  
  115  9:11  SCV x2  
  115  9:12  Marine, SCV  
  115  9:14  Marine  
  115  9:15  Refinery  
  120  9:18  Factory  
  120  9:19  Marine x2  
  120  9:22  Marine x4  
  126  9:30  Marine  
  125  9:31  Medivac x2  
  125  9:32  Marine  
  125  9:35  Siege Tank  
  125  9:37  Marine x2  
  135  9:40  Marine x4  
  135  9:42  Barracks  
  135  9:43  Barracks  
  139  9:51  Terran Infantry Weapons Level 2  
  139  9:56  Supply Depot  
  139  9:57  Supply Depot, Terran Infantry Armor Level 2  
  139  10:04  Missile Turret  
  139  10:05  Factory Tech Lab  
  139  10:06  Missile Turret  
  139  10:10  Supply Depot  
  139  10:12  Supply Depot  
  139  10:25  Supply Depot  
  139  10:33  Marine x2  
  141  10:41  Supply Depot  
  141  10:45  Liberator  
  141  10:46  Marine x8  
  149  10:53  Supply Depot, Marine  
  149  10:55  Supply Depot  
  148  10:58  Medivac  
  148  11:00  Siege Tank  
  148  11:01  Marine  
  148  11:02  Siege Tank  
  154  11:04  Marine x3  
  154  11:05  Marine  
  154  11:06  Marine x2  
  154  11:07  Marine x2  
  142  11:19  SCV x3  
  143  11:31  SCV  
  136  11:39  Marine x4  
  120  11:41  Marine x4  
  120  11:42  Marine  
  120  11:46  Marine  
  112  12:12  Liberator  
  114  12:15  Marauder  
  114  12:16  Marauder, Marine x6  
  122  12:27  Concussive Shells  
  125  12:30  Medivac  
  125  12:33  Marine  
  125  12:34  Marine x2  
  125  12:35  Marine x3  
  133  12:37  Marine x2  
  135  12:49  Marine  
  135  12:51  Marine x2  
  135  12:52  Marine x3  
  135  12:54  Siege Tank  
  138  13:03  Liberator, Marine  
  138  13:04  Liberator, Marine  
  103  13:11  Marine x5  
  101  13:17  SCV x2  
  103  13:23  Marine x4  
  113  13:28  Marine  
  113  13:29  Marine x4  
  113  13:30  Orbital Command  
  117  13:41  Marine x3  
  117  13:44  Marine  
  117  13:46  Marine  
  117  13:47  Marine  
  87  13:57  Siege Tank x2  
  87  14:00  Marine  
  75  14:05  Marine  
  74  14:11  Marine x3  
  74  14:12  Marine  
Tags
 
Add a new tag
Caveats
  • Supply blocks, unpowered buildings, or Contaminate may cause inaccurate times.
  • Supply counts are checked every 10 seconds.